 Dungeon Crawl Stone Soup version 0.28.0-43-g3370ac3207 (webtiles) character file.

Game seed: 13100460189171161290

449 croobank the Conjurer (level 6, 0/48 HPs)
             Began as a Draconian Conjurer on Mar 24, 2022.
             Slain by Eustachio
             ... wielding a +2 rapier of flaming
              (2 damage)
             ... on level 4 of the Dungeon.
             The game lasted 00:14:07 (4134 turns).

croobank the Conjurer (Draconian Conjurer)          Turns: 4134, Time: 00:14:23

Health: 0/48       AC:  6    Str: 10    XL:     6   Next: 74%
Magic:  5/11       EV: 12    Int: 20    God:
Gold:   171        SH:  0    Dex:  9    Spells: 1/11 levels left

rFire   + . .      SeeInvis +   t - +5 hand axe
rCold   . . .      Faith    .   (no shield)
rNeg    . . .      Spirit   .   (armour unavailable)
rPois   .          Reflect  .   (helmet restricted)
rElec   .          Harm     .   (no cloak)
rCorr   .          Rampage  .   (no gloves)
Will    .....                   (no boots)
Stlth   ++........              (no amulet)
HPRegen 0.16/turn               d - ring of see invisible
MPRegen 0.12/turn               m - ring of protection from fire

@: no status effects
A: AC +6, unfitting armour, cold-blooded
a: no special abilities


You were on level 4 of the Dungeon.
You visited 1 branch of the dungeon, and saw 4 of its levels.

You collected 171 gold pieces.

Inventory:

Hand Weapons
 a - a +0 short sword
 b - a +0 hunting sling
 c - a +0 dire flail
 f - a +0 whip
 t - a +5 hand axe (weapon)
 x - a +0 war axe
Missiles
 e - 2 boomerangs
 h - 210 stones
 i - 21 arrows
 j - 34 bolts
 q - 4 javelins
 v - 3 poisoned darts
Jewellery
 d - a ring of see invisible (left hand)
 m - a ring of protection from fire (right hand)
Wands
 u - a wand of flame (7)
Potions
 g - a potion of heal wounds
 k - a potion of curing {unknown}
 l - a potion of haste {unknown}
 o - a potion of lignification {unknown}


   Skills:
 + Level 2.2 Fighting
 + Level 3.2 Dodging
 + Level 3.5 Stealth
 + Level 3.3 Spellcasting
 + Level 5.0 Conjurations
 + Level 2.1 Translocations


You had one spell level left.
You knew the following spells:

 Your Spells              Type           Power      Damage    Failure   Level
a - Magic Dart            Conj           92%        1d7       1%          1
b - Searing Ray           Conj           46%        2d6       2%          2
c - Dazzling Flash        Conj/Hex       26%        N/A       14%         3
d - Iskenderun's Mystic   Conj/Tloc      17%        2d5       32%         4

Your spell library contained the following spells:

 Spells                   Type           Power      Damage    Failure   Level
 Conjure Flame            Conj/Fire      13%        6-21      14%         3
 Ignite Poison            Fire/Tmut/Pois 3%         N/A       38%         3
 Fulminant Prism          Conj/Hex       6%         3d7       43%         4
 Sticky Flame             Conj/Fire      13%        2d4       43%         4


Dungeon Overview and Level Annotations

Branches:
Dungeon (4/15)
 Temple: D:4-7

Altars:
Okawaru

Annotations:
D:4 Eustachio


Innate Abilities, Weirdness & Mutations

Your plain brown scales are hard. (AC +6)
You cannot fit into any form of body armour.
You are cold-blooded and may be slowed by cold attacks.


Message History

The white imp gestures at you. The puff of frost hits you!
Eustachio hits you with a +2 rapier of flaming.
Eustachio burns you.
You miss Eustachio.
Eustachio is almost dead.
Eustachio mumbles some strange words.
Eustachio blinks!
The ufetubus hits you but does no damage. x2
Eustachio gestures wildly while chanting.
Eustachio blinks!
The white imp gestures at you. The puff of frost misses you.
The ufetubus hits you but does no damage. x2
You hit Eustachio. You punch Eustachio, but do no damage.
Eustachio is almost dead.
You hit the ufetubus. You closely miss the white imp. The ufetubus hits you.
The ufetubus misses you.
Eustachio mumbles some strange words.
The white imp closely misses you. The ufetubus closely misses you.
The ufetubus hits you but does no damage.
Eustachio hits you with a +2 rapier of flaming.
Eustachio burns you.
The white imp hits you but does no damage.
You hit Eustachio.
Eustachio is almost dead.
You hit the white imp. You miss the ufetubus.
The ufetubus hits you but does no damage.
The ufetubus closely misses you.
Eustachio casts a spell.
Eustachio blinks!
The white imp closely misses you. The ufetubus closely misses you.
The ufetubus hits you but does no damage.
The iron imp shouts, "Quit, thou churlish tardy-gaited fleecer!"
The iron imp hits you!
* * * LOW HITPOINT WARNING * * *
Eustachio hits you with a +2 rapier of flaming!
* * * LOW HITPOINT WARNING * * *
Eustachio burns you.
You die...

#.....# ... . .....#.
... .....# ..##......
... ....... ..........
...
..#...#...#.#....##.#
......##.##.#......#
.......#....#....@!##...
#<.............5@...<...
...........##..55.......
......[...##........#...
......#..###..#.#......#
......##......####......
.........##....###......
....#.?..##.............
.##.....................
#.....................


You could see Eustachio, an iron imp (summoned), a white imp (summoned) and an
ufetubus (summoned).

Vanquished Creatures
  A phantom (D:3)
  Blork the orc (D:4)
  Ijyb (D:3)
  Natasha (thrice) (D:3)
  An iguana (D:4)
  An orc wizard (D:4)
  6 adders
  2 adder skeletons
  2 worms
  6 dart slugs
  7 orcs
  5 ball pythons
  7 bats
  7 endoplasms
  A giant cockroach (D:3)
  7 goblins
  3 hobgoblins
  5 kobolds
  5 quokkas
  3 frilled lizards
  5 rats
79 creatures vanquished.

Notes
Turn   | Place    | Note
-------+----------+-------------------------------------------
     0 | D:1      | croobank the Draconian Conjurer began the quest for the
                  | Orb.
     0 | D:1      | Reached XP level 1. HP: 14/14 MP: 3/3
   296 | D:1      | Reached XP level 2. HP: 20/20 MP: 1/5
   850 | D:1      | Found a faded altar of an unknown god.
  1072 | D:2      | Reached XP level 3. HP: 16/26 MP: 0/6
  1075 | D:2      | Learned a level 2 spell: Searing Ray
  1129 | D:2      | Learned a level 3 spell: Dazzling Flash
  1632 | D:2      | Reached XP level 4. HP: 33/33 MP: 4/7
  1766 | D:2      | Found an iron altar of Okawaru.
  2247 | D:3      | Noticed Ijyb
  2285 | D:3      | Killed Ijyb
  2614 | D:3      | Noticed Natasha
  2617 | D:3      | Killed Natasha
  2618 | D:3      | Reached skill level 1 in Fighting
  2618 | D:3      | Reached XP level 5. HP: 40/40 MP: 4/9
  2743 | D:3      | Reached skill level 1 in Translocations
  2907 | D:3      | Noticed Natasha
  2915 | D:3      | Killed Natasha
  2945 | D:3      | Noticed a phantom
  2953 | D:3      | Killed a phantom
  3051 | D:3      | Learned a level 4 spell: Iskenderun's Mystic Blast
  3169 | D:3      | Noticed Natasha
  3171 | D:3      | Killed Natasha
  3172 | D:3      | Reached XP level 6. HP: 48/48 MP: 6/10
  3973 | D:4      | Noticed Blork the orc
  3986 | D:4      | Killed Blork the orc
  3987 | D:4      | Reached skill level 5 in Conjurations
  4118 | D:4      | Noticed Eustachio
  4134 | D:4      | HP: 2/48 [Eustachio/+2 rapier of flaming (7)]
  4134 | D:4      | Slain by Eustachio

Illustrated notes

Levels and vault maps discovered:
D:1:      amcnicky_arrival_single_pillar, layout_loops_ring,
          basic_ecumenical_altar
D:2:      layout_basic, basic_altar
D:3:      layout_loops_ring, minmay_puff, uniq_natasha, uniq_ijyb
D:4:      layout_cave_pools, minmay_hedge_maze, uniq_eustachio, uniq_edmund,
          uniq_blork_the_orc

Skill      XL: |  1  2  3  4  5  6 |
---------------+-------------------+-----
Dodging        | 2 3 |  3.2
Stealth        | 2 3 |  3.5
Fighting       | 1 2 |  2.2
Translocations | 1 2 |  2.1
Spellcasting   | 3 |  3.3
Conjurations   | 5 |  5.0

Action                   |  1- 3 |  4- 6 || total
-------------------------+-------+-------++-------
Melee: Whip              |     2 |       ||     2
       Short sword       |    46 |       ||    46
       Tailslap          |     6 |     5 ||    11
       Hand axe          |       |    55 ||    55
       Punch             |       |     1 ||     1
 Cast: Magic Dart        |    49 |    68 ||   117
       Searing Ray       |     1 |    16 ||    17
       Dazzling Flash    |       |     1 ||     1
       Iskenderun's Myst |       |     1 ||     1
  Use: Potion            |       |     1 ||     1
       Scroll            |       |     9 ||     9
 Stab: Sleeping          |     1 |       ||     1
       Invisible         |       |     2 ||     2
Armor: Skin              |    15 |    24 ||    39
Dodge: Dodged            |    36 |    36 ||    72
